 Dungeon Crawl Stone Soup version 0.30.1-4-g462c640d31 (webtiles) character file.

Game seed: 10032979913969842920

418 Cheops the Vexing (level 6, -5/32 HPs)
             Began as a Deep Elf Conjurer on Aug 26, 2023.
             Was an Initiate of Vehumet.
             Splashed by a jelly's acid (9 damage)
             ... on level 5 of the Dungeon.
             The game lasted 00:10:29 (4392 turns).

Cheops the Vexing (Deep Elf Conjurer)               Turns: 4392, Time: 00:10:29

Health: -5/32      AC: -10   Str:  4    XL:     6   Next: 61%
Magic:  1/15       EV: 12    Int: 37    God:    Vehumet [......]
Gold:   245        SH:  0    Dex: 13    Spells: 1/15 levels left

rFire   . . .        m - +0 dagger
rCold   . . .        (no shield)
rNeg    . . .        (no body armour)
rPois   .            t - +1 helmet
rElec   .            n - scarf {repulsion}
rCorr   .            (no gloves)
SInv    .            (no boots)
Will    .....        (no amulet)
Stlth   ++           d - +6 ring of intelligence
HPRegen 0.25/turn    e - +6 ring of intelligence
MPRegen 0.14/turn

%: repel missiles
@: about to teleport, corroded
A: no striking features
a: Renounce Religion


You were on level 5 of the Dungeon.
You worshipped Vehumet.
Vehumet was noncommittal.
You visited 2 branches of the dungeon, and saw 6 of its levels.

You collected 245 gold pieces.

Inventory:

Hand Weapons
 m - a +0 dagger (weapon)
Armour
 n - a scarf of repulsion (worn)
 s - the +0 robe of Golden Intercession {SInv}
   (You found it on level 2 of the Dungeon)

   SInv:      It lets you see invisible.
 t - a +1 helmet (worn)
 B - a +2 robe of willpower
Jewellery
 d - a +6 ring of intelligence (left hand)
 e - a +6 ring of intelligence (right hand)
Wands
 w - a wand of digging (3)
Scrolls
 a - a scroll of fog {unknown}
 c - a scroll of vulnerability {unknown}
 f - a scroll of teleportation
 g - 2 scrolls of immolation {unknown}
 j - a scroll of amnesia {unknown}
 k - a scroll of fear {unknown}
 o - a scroll of torment {unknown}
 r - a scroll of butterflies {unknown}
 v - a scroll of silence
 x - a scroll of enchant armour
 y - 2 scrolls of magic mapping
Potions
 b - 2 potions of magic
 h - 2 potions of invisibility {unknown}
 i - 2 potions of curing {unknown}
 l - a potion of haste
 p - 2 potions of heal wounds
 q - 2 potions of attraction {unknown}
 u - 2 potions of lignification
 z - a potion of resistance
 A - a potion of cancellation {unknown}
 C - a potion of brilliance {unknown}


   Skills:
 - Level 2.4 Dodging
 - Level 2.4 Stealth
 - Level 5.0 Spellcasting
 - Level 5.0 Conjurations
 - Level 6.0 Hexes
 + Level 3.4 Translocations


You had one spell level left.
You knew the following spells:

 Your Spells              Type           Power      Damage    Failure   Level
a - Magic Dart            Conj           100%       1d8       1%          1
b - Searing Ray           Conj           92%        2d7       1%          2
d - Dazzling Flash        Conj/Hex       98%        N/A       1%          3
i - Iskenderun's Mystic   Conj/Tloc      40%        2d9       6%          4
p - Fulminant Prism       Conj/Hex       24%        3d12      3%          4

Your spell library contained the following spells:

 Spells                   Type           Power      Damage    Failure   Level
 Ensorcelled Hibernation  Hex/Ice        62%        N/A       1%          2
 Passwall                 Tmut/Erth      7%         N/A       5%          2
 Swiftness                Air            9%         N/A       11%         3
 Alistair's Intoxication  Tmut/Pois      6%         N/A       69%         5
 Borgnjor's Vile Clutch   Necr/Erth      4%         N/A       69%         5
 Eringya's Noxious Bog    Tmut/Pois      4%         N/A       99%         6


Dungeon Overview and Level Annotations

Branches:
Dungeon (5/15)             Temple (1/1) D:5

Altars:
Ashenzari
Cheibriados
Dithmenos
Gozag
Hepliaklqana
Makhleb
Okawaru
Ru
Trog
Uskayaw
Vehumet
Wu Jian
Yredelemnul
Zin


Message History

Aim: a jelly (wandering, hasn't noticed you, 100% to hit)
The magic dart hits the jelly.
The jelly is lightly wounded.
The jelly quivers.
There is an open door here.
Items here: )) [[.
There is an open door here.
There is an open door here.
You close the door.
You hear a slurping noise.
The jelly eats the door!
Aiming: Magic Dart (safe; 1% risk of failure)
Press: ? - help, Q - select action, (/) - cycle Shift-Dir - straight line, f/p - jelly
Aim: a jelly (lightly wounded, 100% to hit)
The magic dart hits the jelly.
The jelly is lightly wounded.
The jelly misses you.
Aiming: Magic Dart (safe; 1% risk of failure)
Press: ? - help, Q - select action, (/) - cycle Shift-Dir - straight line, f/p - jelly
Aim: a jelly (lightly wounded, 100% to hit)
The magic dart hits the jelly.
The jelly is moderately wounded.
The jelly hits you but does no damage. The jelly attacks as you move away!
The jelly hits you. The acid corrodes you!
You are splashed with acid!
* * * LOW HITPOINT WARNING * * *
A jelly comes into view.
As you read the scroll of teleportation, it crumbles to dust.
You feel strangely unstable. The jelly barely misses you.
The jelly barely misses you.
You hit the jelly but do no damage.
Your hands burn!
* * * LOW HITPOINT WARNING * * *
The jelly hits you.
* * * LOW HITPOINT WARNING * * *
The acid corrodes you!
You are splashed with acid.
* * * LOW HITPOINT WARNING * * *
The jelly hits you.
* * * LOW HITPOINT WARNING * * *
The acid corrodes you!
You are splashed with acid!
You die...

#. #.# ####. ..
#.#.####.# #.
.#####....†...# #.
..#...#.#.#### ##.
#.#.###.##.#####
#..
#.....#........#
#.# ##
#.......##.###.#
#.. #. #...J.# #.##
#.. .#.. #@#####.#
##.. .....
#.J...'.# #..#
###...#####...###
#...# #..
...#.......# #.#..
#+#.#####.#.#...#'#
#.##.
#.....#.....#...#.#
#. ##
#...........#######
#.....#.....# ###
#)#####.#'# #..


You could see 2 jellies.

Vanquished Creatures
  2 jellies (D:5)
  2 orc priests (D:5)
  2 iguanas (D:5)
  2 orc wizards
  A sleepcap (D:4)
  6 adders
  3 worms
  2 dart slugs (D:1)
  5 orcs
  6 endoplasms
  5 giant cockroaches
  5 goblins
  11 hobgoblins
  9 quokkas
  3 ball pythons (D:1)
  3 bats
  A frilled lizard (D:3)
  2 kobolds (D:2)
  4 rats
74 creatures vanquished.

Notes
Turn   | Place    | Note
-------+----------+-------------------------------------------
     0 | D:1      | Cheops the Deep Elf Conjurer began the quest for the Orb.
     0 | D:1      | Reached XP level 1. HP: 10/10 MP: 6/6
    90 | D:1      | Reached XP level 2. HP: 15/15 MP: 2/8
   351 | D:1      | Reached skill level 5 in Conjurations
   695 | D:1      | Reached XP level 3. HP: 19/19 MP: 8/10
  1642 | D:2      | Identified the +0 robe of Golden Intercession {SInv}
  2081 | D:2      | Learned a level 2 spell: Searing Ray
  2085 | D:2      | Learned a level 3 spell: Dazzling Flash
  2215 | D:3      | Reached skill level 5 in Spellcasting
  2233 | D:3      | Reached skill level 1 in Hexes
  2233 | D:3      | Reached XP level 4. HP: 24/24 MP: 10/13
  2413 | D:3      | Reached skill level 2 in Hexes
  2637 | D:3      | Reached skill level 3 in Hexes
  3190 | D:4      | Learned a level 4 spell: Fulminant Prism
  3371 | D:4      | Reached XP level 5. HP: 28/28 MP: 11/14
  3538 | D:4      | Reached skill level 4 in Hexes
  3839 | D:4      | Learned a level 4 spell: Iskenderun's Mystic Blast
  3853 | D:5      | Entered Level 5 of the Dungeon
  3860 | D:5      | Found a staircase to the Ecumenical Temple.
  3872 | Temple   | Entered the Ecumenical Temple
  3944 | Temple   | Became a worshipper of Vehumet
  4088 | D:5      | Reached skill level 5 in Hexes
  4240 | D:5      | Reached skill level 1 in Translocations
  4240 | D:5      | Reached XP level 6. HP: 20/32 MP: 7/15
  4310 | D:5      | Reached skill level 6 in Hexes
  4392 | D:5      | Splashed by a jelly's acid

Illustrated notes

Levels and vault maps discovered:
D:1:      shiori_arrival_oz, layout_loops_ring, minmay_octomino_e4
D:2:      layout_basic
D:3:      layout_loops_ring, kennysheep_cluttered_room
D:4:      layout_basic
D:5:      nicolae_cairo_tiling_large, layout_loops_ring,
          overflow_temple_1_default, minmay_temple_entry_mini_moons,
          kennysheep_generic_room_5
Temple:   zaba_magenta_temple

Skill      XL: |  1  2  3  4  5  6 |
---------------+-------------------+-----
Conjurations   | 5 |  5.0
Spellcasting   | 4 5 |  5.0
Hexes          | 1 3 5 6 |  6.0
Translocations | 1 3 |  3.4
Dodging        | |  2.4
Stealth        | |  2.4

Action                     |  1- 3 |  4- 6 || total
---------------------------+-------+-------++-------
  Melee: Unarmed           |     3 |       ||     3
         Dagger            |       |    42 ||    42
   Cast: Magic Dart        |    80 |    48 ||   128
         Searing Ray       |       |    17 ||    17
         Iskenderun's Myst |       |     2 ||     2
    Use: Scroll            |       |     8 ||     8
         Potion            |       |     2 ||     2
 Armour: Robe              |     1 |     5 ||     6
         Skin              |       |    30 ||    30
  Dodge: Dodged            |    11 |    15 ||    26
